 Dungeon Crawl Stone Soup version 0.21.1-1-g345015f (webtiles) character file.

420 Mirai the Chopper (level 6, -9/48 HPs)
             Began as a Demonspawn Fighter on Mar 15, 2018.
             Mangled by an ogre
             ... wielding a +0 giant spiked club
              (16 damage)
             ... on level 4 of the Dungeon.
             The game lasted 00:09:28 (2517 turns).

Mirai the Chopper (Demonspawn Fighter)              Turns: 2517, Time: 00:09:29

Health: -9/48      AC: 14    Str: 21 (24) XL:     6   Next: 62%
Magic:  0/6        EV:  8    Int:  6 (9)  God:
Gold:   168        SH:  0    Dex: 10 (12) Spells: 5/5 levels left

rFire    + . .     SeeInvis .   a - +0 war axe
rCold    . . .     Gourm    .   (no shield)
rNeg     . . .     Faith    .   h - +2 chain mail {rF+}
rPois    .         Spirit   +   o - +0 helmet
rElec    .         Reflect  .   (no cloak)
rCorr    .         Harm     .   (no gloves)
MR       .....                  (no boots)
Stlth    ..........             n - amulet of guardian spirit
HPRegen  0.16/turn              (no ring)
MPRegen  0.10/turn              (no ring)

@: mighty
A: talons 1, thin metallic scales 1, nightstalker 1
a: no special abilities


You were on level 4 of the Dungeon.
You were hungry.

You visited 1 branch of the dungeon, and saw 4 of its levels.

You collected 168 gold pieces.

Inventory:

Hand Weapons
 a - a +0 war axe (weapon)
 y - a +0 war axe
Armour
 c - a +0 shield
 h - a +2 chain mail of fire resistance (worn)
 o - a +0 helmet (worn)
 t - a +3 scale mail of cold resistance
Jewellery
 n - an amulet of guardian spirit (around neck)
Wands
 x - a wand of scattershot (6)
Scrolls
 b - 4 scrolls of identify
 i - 3 scrolls of remove curse
 k - 2 scrolls of teleportation
 s - a scroll of random uselessness {unknown}
 u - a scroll of fear {unknown}
 w - a scroll of blinking {unknown}
Potions
 d - a potion of might
 m - a potion of brilliance
 p - a potion of magic {unknown}
 q - a potion of agility
Books
 j - a book of Misfortune

   Spells                             Type                      Level
   a - Confusing Touch                Hexes                        1
   b - Confuse                        Hexes                        3
   c - Gell's Gravitas                Translocation                3
   d - Petrify                        Transmutation/Earth          4
   e - Metabolic Englaciation         Hexes/Ice                    5
   f - Yara's Violent Unravelling     Hexes/Transmutation          5
Comestibles
 f - 4 rations
 v - 2 chunks of flesh


   Skills:
 + Level 4.2 Fighting
 + Level 4.8 Axes
 + Level 4.0 Armour
 + Level 0.9 Dodging
 - Level 2.6 Shields


You had 5 spell levels left.
You didn't know any spells.

Dungeon Overview and Level Annotations

Branches:
Dungeon (4/15)
 Temple: D:4-7

Altars:
Gozag
Makhleb
Nemelex Xobeh
Qazlal
Ru

Shops:
D:4 (


Innate Abilities, Weirdness & Mutations

You have sharp toenails.
You are partially covered in thin metallic scales. (AC +2)
You are slightly more attuned to the shadows.


Message History

a trident; a chain mail; an orc corpse An ogre comes into view.
It is wielding a giant spiked club.
Things that are here:
a trident; a chain mail; an orc corpse You butcher the orc corpse.
Things that are here:
a trident; a chain mail; 3 chunks of flesh
Things that are here:
a spear; a gnoll corpse You slash the ogre!
The ogre is moderately wounded.
The ogre hits you with a giant spiked club!
* * * LOW HITPOINT WARNING * * *
Unknown command.
You hit the ogre.
The ogre is heavily wounded.
The ogre completely misses you.
Unknown command.
The ogre hits you with a giant spiked club!!
You die...

#............ ....
#.......................
#.......................
#.......................
#((..........PPP........
#..(.........P∩P........
#.....[......P.P..WO....
#......O..).......oog...
#......@.).........o....
#.......................
#..............(........
#.......................
........................
.......................
.......................
..####...##############
#.......


You could see an ogre.

Vanquished Creatures
  A scorpion (D:4)
  2 orc priests (D:4)
  An orc wizard (D:4)
  2 worker ants
  The ghost of dscm the Grave Robber, a weakling OpNe (D:4)
  A hound skeleton (D:4)
  Robin (D:4)
  4 gnolls (D:4)
  6 adders
  2 oozes (D:3)
  A dart slug (D:2)
  15 orcs
  4 ball pythons
  5 bats
  3 giant cockroaches
  21 goblins
  6 hobgoblins
  3 jackals (D:3)
  2 kobolds
  A quokka (D:2)
  4 frilled lizards
  A quokka skeleton (D:4)
  7 rats
94 creatures vanquished.

Notes
Turn   | Place    | Note
-------+----------+-------------------------------------------
     0 | D:1      | Mirai the Demonspawn Fighter began the quest for the Orb.
     0 | D:1      | Reached XP level 1. HP: 18/18 MP: 1/1
   319 | D:1      | Gained mutation: You are partially covered in thin metallic scales. (AC +2) [demonic ancestry]
   319 | D:1      | Reached XP level 2. HP: 23/24 MP: 2/2
   772 | D:2      | Reached XP level 3. HP: 20/29 MP: 3/3
  1137 | D:2      | Found a sparkling altar of Nemelex Xobeh.
  1194 | D:2      | Found a stormy altar of Qazlal.
  1292 | D:2      | Found a burning altar of Makhleb.
  1406 | D:2      | Found a sacrificial altar of Ru.
  1604 | D:3      | Gained mutation: You have sharp toenails. [demonic ancestry]
  1604 | D:3      | Reached XP level 4. HP: 37/37 MP: 4/4
  2276 | D:4      | Gained mutation: You are slightly more attuned to the shadows. [demonic ancestry]
  2276 | D:4      | Reached XP level 5. HP: 42/42 MP: 5/5
  2289 | D:4      | Noticed Robin
  2305 | D:4      | Killed Robin
  2328 | D:4      | Found an opulent altar of Gozag.
  2425 | D:4      | Found Minyhuc's Antique Weapon Emporium.
  2441 | D:4      | Reached XP level 6. HP: 35/48 MP: 4/6
  2450 | D:4      | Noticed dscm's ghost (weakling OpNe)
  2497 | D:4      | Killed dscm's ghost
  2517 | D:4      | Mangled by an ogre

Skill      XL: |  1  2  3  4  5  6 |
---------------+-------------------+-----
Armour         | 3 4 |  4.0
Axes           | 2 3 4 |  4.8
Fighting       | 4 |  4.2
Dodging        | |  0.9
Shields        | |  2.6

Action                   |  1- 3 |  4- 6 || total
-------------------------+-------+-------++-------
Melee: War axe           |   111 |   121 ||   232
       Kick              |       |    18 ||    18
  Use: Potion            |     1 |    10 ||    11
       Scroll            |       |     2 ||     2
  Eat: Chunk             |     2 |     3 ||     5
Armor: Chain mail        |    94 |   128 ||   222
Dodge: Dodged            |    48 |    95 ||   143
